 Dungeon Crawl Stone Soup version 0.30.1 (webtiles) character file.

Game seed: 1113902631284274804

1978 justawriter the Cudgeller (level 9, -21/75 HPs)
             Began as a Hill Orc Fighter on July 13, 2023.
             Was a Follower of Beogh.
             Demolished by Mig's ghost (24 damage)
             ... on level 7 of the Dungeon.
             The game lasted 01:26:41 (6744 turns).

justawriter the Cudgeller (Hill Orc Fighter)        Turns: 6744, Time: 01:26:42

Health: -21/75     AC: 13    Str: 21    XL:     9   Next: 20%
Magic:  9/9        EV: 10    Int: 20    God:    Beogh [*.....]
Gold:   111        SH: 10    Dex: 12    Spells: 8/8 levels left

rFire   . . .        s - +5 hammer "Morchip" {speed, Fragile rPois Int+4 Dex+2}
rCold   . . .        c - +0 buckler
rNeg    . . .        b - +1 scale mail
rPois   +            (no helmet)
rElec   .            (no cloak)
rCorr   .            q - +0 pair of gloves
SInv    .            w - +2 pair of boots
Will    .....        l - amulet of reflection Stlth
                     e - +6 ring of intelligence
HPRegen 0.32/turn    (no ring)
MPRegen 0.11/turn

%: reflection
@: no status effects
A: no striking features
a: Renounce Religion


You were on level 7 of the Dungeon.
You worshipped Beogh.
Beogh was aware of your devotion.
You visited 2 branches of the dungeon, and saw 8 of its levels.

You collected 346 gold pieces.
You spent 235 gold pieces at shops.

Inventory:

Hand Weapons
 a - a +1 war axe
 s - the +5 hammer "Morchip" (weapon) {speed, Fragile rPois Int+4 Dex+2}
   (You found it on level 2 of the Dungeon)

   Int:       It affects your intelligence (+4).
   Dex:       It affects your dexterity (+2).
   rPois:     It protects you from poison.
   Fragile:   It will be destroyed if unequipped.
Missiles
 f - 67 stones
 i - 5 poisoned darts
 p - 3 throwing nets
 u - 6 atropa-tipped darts (quivered)
Armour
 b - a +1 scale mail (worn)
 c - a +0 buckler (worn)
 q - a +0 pair of gloves (worn)
 w - a +2 pair of boots (worn)
 F - a +0 helmet
Magical Staves
 A - a staff of air
Jewellery
 e - a +6 ring of intelligence (left hand)
 l - an amulet of reflection (around neck)
Wands
 r - a wand of flame (12)
 C - a wand of digging (8)
Scrolls
 h - 2 scrolls of fog
 o - a scroll of fear
 t - 4 scrolls of teleportation
 y - a scroll of immolation
 B - a scroll of magic mapping {unknown}
 D - a scroll of amnesia {unknown}
 H - a scroll of brand weapon {unknown}
Potions
 d - a potion of might
 g - a potion of invisibility
 j - a potion of brilliance
 k - a potion of degeneration {unknown}
 m - 2 potions of lignification
 n - 2 potions of heal wounds
 v - 2 potions of haste
 x - a potion of cancellation
 z - 3 potions of flight {unknown}
 E - 3 potions of attraction {unknown}
 G - a potion of curing


   Skills:
 + Level 5.8 Fighting
 + Level 5.1(7.8) Axes
 + Level 7.5(8.1) Maces & Flails
 + Level 0.7 Throwing
 + Level 6.4 Armour
 + Level 2.7 Dodging
 + Level 1.0 Stealth
 + Level 5.6 Shields
 + Level 0.8 Evocations


You had 8 spell levels left.
You didn't know any spells.
Your spell library contained the following spells:

 Spells                   Type           Power      Damage    Failure   Level
 Magic Dart               Conj           0%         1d3       50%         1
 Sandblast                Erth           0%         2d4       50%         1
 Slow                     Hex            0%         N/A       50%         1
 Summon Small Mammal      Summ           0%         N/A       50%         1
 Call Imp                 Summ           0%         N/A       65%         2
 Passwall                 Tmut/Erth      0%         N/A       65%         2
 Scorch                   Fire           0%         2d5       65%         2
 Call Canine Familiar     Summ           0%         N/A       86%         3
 Confusing Touch          Hex            0%         N/A       86%         3
 Mephitic Cloud           Conj/Pois/Air  0%         N/A       86%         3
 Stone Arrow              Conj/Erth      0%         3d7       86%         3
 Summon Guardian Golem    Hex/Summ       0%         N/A       86%         3
 Vampiric Draining        Necr           0%         2d6       86%         3
 Cause Fear               Hex            0%         N/A       99%         4
 Flame Wave               Conj/Fire      0%         2d4       99%         4
 Conjure Ball Lightning   Conj/Air       0%         3x3d6     100%        6
 Summon Cactus Giant      Summ           0%         N/A       100%        6
 Dragon Form              Tmut           0%         N/A       100%        7
 Discord                  Hex            0%         N/A       100%        8
 Disjunction              Tloc           0%         N/A       100%        8
 Dragon's Call            Summ           0%         N/A       100%        9


Dungeon Overview and Level Annotations

Branches:
Dungeon (7/15)             Temple (1/1) D:4

Altars:
Ashenzari
Cheibriados
Dithmenos
Elyvilon
Fedhas
Gozag
Hepliaklqana
Kikubaaqudgha
Makhleb
Nemelex Xobeh
Okawaru
Qazlal
Ru
Sif Muna
Trog
Uskayaw
Vehumet
Wu Jian
Xom
Yredelemnul
Zin
The Shining One

Shops:
D:2 ?   D:4 :   D:6 ?

Annotations:
D:7 Mig's ghost, novice TrFi


Message History

Mig's ghost is lightly damaged.
Mig's ghost says, "I died to destroy people like you for fun."
Mig's ghost hits you!!
You hit Mig's ghost.
Mig's ghost is lightly damaged.
You sock Mig's ghost!
Mig's ghost is lightly damaged.
Mig's ghost hits you but does no damage.
You hit Mig's ghost.
Mig's ghost is moderately damaged.
Mig's ghost hits you!!
You hit Mig's ghost.
Mig's ghost is moderately damaged.
You sock Mig's ghost!
Mig's ghost is heavily damaged.
Mig's ghost hits you but does no damage.
You sock Mig's ghost!
Mig's ghost is heavily damaged.
Mig's ghost hits you!
You closely miss Mig's ghost.
Mig's ghost is heavily damaged.
You completely miss Mig's ghost.
Mig's ghost is heavily damaged.
Mig's ghost hits you but does no damage.
You hit Mig's ghost but do no damage.
Mig's ghost is heavily damaged.
Mig's ghost misses you.
You hit Mig's ghost but do no damage.
Mig's ghost is heavily damaged.
Mig's ghost closely misses you.
You sock Mig's ghost!
Mig's ghost is severely damaged.
You closely miss Mig's ghost.
Mig's ghost is severely damaged.
Mig's ghost hits you!!
* * * LOW HITPOINT WARNING * * *
You hit Mig's ghost.
Mig's ghost is severely damaged.
Mig's ghost hits you!!
You die...

#....###### #.....# #.# #..
#....^....# #.....### #.###..
#.........# #........####.##...
#.........# #.....##.......#...
#.........# #.....#........#...
#.........###.....#........#...
#.........##).....#........#...
####...........................
#......#...@...#.....#######
######....#W#........#
#...##.##.......#
#...##...##......#
#..##.....##.....##
#..#⌠.!♣?.⌠#..##..######
#...##.....##............
#....##...##.....###..###
#.....##⌠##...... #.#


You could see Mig's ghost.

Vanquished Creatures
  Prince Ribbit (D:6)
  Eustachio (D:6)
  Menkaure (D:6)
  A sky beast (D:7)
  An orc warrior (D:7)
  A black bear (D:5)
  An ice beast (D:5)
  An ogre (D:5)
  A phantom (D:5)
  A centaur (D:5)
  A gnoll sergeant (D:6)
  A scorpion (D:4)
  5 killer bees (D:7)
  A howler monkey (D:5)
  2 jellies
  Crazy Yiuf (D:2)
  A hound (D:4)
  2 sleepcaps
  4 iguanas
  Natasha (thrice) (D:2)
  An orc wizard (D:7)
  7 gnolls
  5 adders
  A white imp (D:5)
  3 worms
  4 dart slugs
  9 orcs
  4 bats
  9 endoplasms
  2 giant cockroaches (D:1)
  7 goblins
  8 hobgoblins
  4 jackals (D:1)
  A quokka (D:4)
  5 ball pythons
  3 frilled lizards
  6 kobolds
  6 rats
116 creatures vanquished.

Vanquished Creatures (others)
  An orc priest (D:4)
  An adder (D:4)
  A quokka (D:4)
3 creatures vanquished.

Grand Total: 119 creatures vanquished

Notes
Turn   | Place    | Note
-------+----------+-------------------------------------------
     0 | D:1      | justawriter the Hill Orc Fighter began the quest for the
                  | Orb.
     0 | D:1      | Reached XP level 1. HP: 19/19 MP: 1/1
    81 | D:1      | Reached XP level 2. HP: 26/27 MP: 2/2
   479 | D:1      | Reached XP level 3. HP: 22/33 MP: 3/3
   924 | D:2      | Found Naity's Magic Scroll Boutique.
   936 | D:2      | Bought a scroll of identify for 26 gold pieces
  1285 | D:2      | Noticed Natasha
  1296 | D:2      | Killed Natasha
  1297 | D:2      | Reached XP level 4. HP: 29/40 MP: 4/4
  1362 | D:2      | Found a faded altar of an unknown god.
  1510 | D:2      | Noticed Natasha
  1517 | D:2      | Killed Natasha
  1570 | D:2      | Noticed Natasha
  1579 | D:2      | Killed Natasha
  1580 | D:2      | Reached XP level 5. HP: 35/46 MP: 5/5
  1854 | D:2      | Found a runed translucent door.
  1854 | D:2      | Identified the +5 hammer "Morchip" {speed, Fragile rPois
                  | Int+4 Dex+2}
  1857 | D:2      | Noticed Crazy Yiuf
  1868 | D:2      | Killed Crazy Yiuf
  2073 | D:2      | Bought a scroll of enchant weapon for 97 gold pieces
  2863 | D:3      | Reached skill level 5 in Axes
  2868 | D:3      | Reached skill level 1 in Dodging
  2871 | D:3      | Reached skill level 1 in Maces & Flails
  2871 | D:3      | Reached XP level 6. HP: 45/52 MP: 6/6
  3006 | D:4      | Found a staircase to the Ecumenical Temple.
  3051 | D:4      | Became a worshipper of Beogh the Brigand
  3149 | D:4      | Found Galishri's Book Shoppe.
  3239 | D:4      | Reached skill level 2 in Maces & Flails
  3466 | Temple   | Entered the Ecumenical Temple
  3994 | D:4      | Found a glowing golden altar of the Shining One.
  4284 | D:5      | Entered Level 5 of the Dungeon
  4299 | D:5      | Reached skill level 3 in Maces & Flails
  4299 | D:5      | Reached XP level 7. HP: 59/60 MP: 7/7
  4317 | D:5      | Found a glowing silver altar of Zin.
  4317 | D:5      | Found an ancient bone altar of Kikubaaqudgha.
  4489 | D:5      | Reached skill level 5 in Armour
  4610 | D:5      | Reached skill level 4 in Maces & Flails
  4620 | D:5      | Reached * piety under Beogh
  4695 | D:5      | Reached skill level 1 in Stealth
  4755 | D:5      | Reached skill level 5 in Fighting
  4755 | D:5      | Reached XP level 8. HP: 68/68 MP: 8/8
  5055 | D:5      | Reached skill level 5 in Maces & Flails
  5417 | D:6      | Noticed Prince Ribbit
  5422 | D:6      | Noticed Eustachio
  5614 | D:6      | Found Odgheff's Magic Scroll Emporium.
  5618 | D:6      | Bought a scroll of immolation for 56 gold pieces
  5618 | D:6      | Bought a scroll of immolation for 56 gold pieces
  5621 | D:6      | Noticed Menkaure
  5631 | D:6      | Killed Menkaure
  5737 | D:6      | Reached skill level 5 in Shields
  5782 | D:6      | Killed Prince Ribbit
  5783 | D:6      | Reached skill level 6 in Maces & Flails
  5829 | D:6      | Killed Eustachio
  6308 | D:7      | Reached skill level 7 in Maces & Flails
  6314 | D:7      | Reached XP level 9. HP: 61/75 MP: 9/9
  6713 | D:7      | Found a runed translucent door.
  6713 | D:7      | Noticed Mig's ghost (novice TrFi)
  6743 | D:7      | HP: 3/75 [Mig's ghost (22)]
  6744 | D:7      | Demolished by Mig's ghost

Illustrated notes

Levels and vault maps discovered:
D:1:      dpeg_arrival_erosion, layout_basic, moated_statue
D:2:      layout_loops_ring, basic_ecumenical_altar, serial_shops, shop,
          hangedman_feature_mirror, uniq_crazy_yiuf_cottage, uniq_natasha
D:3:      layout_basic, hex_intersection
D:4:      layout_cave_pools, minmay_temple_entry_large_hall, serial_shops,
          shop_fountains, minmay_ruined_shrine
D:5:      layout_loops_ring, nicolae_overflow_two_pavilions
D:6:      layout_rooms, serial_shops, shop, uniq_prince_ribbit1, uniq_menkaure,
          uniq_eustachio
D:7:      layout_basic, hellmonk_ghost_happy_afterlife
Temple:   mainiacjoe_temple_cubbyholes

Skill      XL: |  1  2  3  4  5  6  7  8 |
---------------+-------------------------+-----
Fighting       | 4 5 |  5.8
Axes           | 3 4 5 |  5.1
Armour         | 4 5 6 |  6.4
Shields        | 4 5 |  5.6
Dodging        | 1 2 |  2.7
Maces & Flails | 1 3 4 7 |  7.5
Stealth        | 1 |  1.0
Throwing       | |  0.7
Evocations     | |  0.8

Action                     |  1- 3 |  4- 6 |  7- 9 || total
---------------------------+-------+-------+-------++-------
  Melee: War axe           |    84 |    28 |       ||   112
         Mace              |       |   113 |   182 ||   295
  Throw: Stone             |       |     6 |     2 ||     8
         Dart              |       |       |     5 ||     5
 Invoke: Convert to Beogh  |       |     1 |       ||     1
  Evoke: Wand              |       |     1 |     6 ||     7
    Use: Scroll            |     2 |     5 |     9 ||    16
         Potion            |       |     2 |     2 ||     4
 Armour: Scale mail        |    44 |    47 |    48 ||   139
  Dodge: Dodged            |    61 |    47 |    59 ||   167
  Block: Buckler           |    22 |    57 |    67 ||   146
         Reflection        |       |     3 |     7 ||    10
